AoeStats
← McFly

Coastal Forest

510628887Analyzed
4v4 RM · 19h ago on Oct 1, 2026· 46m 42s· 8 players
Game mode
Random Map
Map size
Large (8 player)
Population
200
Speed
Normal
Resources
Standard
Victory
Conquest
Starting age
Dark Age
Ending age
Imperial Age
RankedLock teamsTeams togetherTeam positionsShared explorationLock speedFull tech treeHidden civsTurbo modeCheats
Victory
Defeat
🇪🇸 Vikings · Spain
918
+12
🇸🇪 Saxons · Sweden
917
+12
🇩🇪 Khmer · Germany
837
+15
🇸🇪 Italians · Sweden
807
+16
🇴🇲 Varangians · Oman
959
-19
🇲🇽 Slavs · Mexico
787
-12
🇧🇷 Franks · Brazil
778
-12
🇹🇷 Aztecs · Türkiye
772
-12
macke
6:39 Loom
10:33 Feudal Age
15:44 Castle Age
17:07 Fletching
18:19 Double-Bit Axe
20:40 Bow Saw
20:22 Stone Mining
20:27 Loom
21:47 Guard Tower
23:47 Horse Collar
24:17 Town Watch
26:06 Ballistics
25:52 Bodkin Arrow
26:09 Gold Mining
28:49 Wheelbarrow
33:57 Imperial Age
31:43 Hand Cart
32:59 Murder Holes
33:16 Masonry
33:24 Forging
33:15 Scale Mail Armor
33:40 Caravan
35:37 Bracer
36:19 Keep
35:30 Arrowslits
36:47 Chemistry
35:57 Clerical Recruitment
36:54 Block Printing
37:16 Theocracy
37:07 Illumination
37:25 Conscription
37:45 Gold Shaft Mining
40:09 Redemption
40:26 Sanctity
46:03 Elite Varangian Guard
46:44 Squires
46:30 Arson
46:31 Gambesons
47:42 Iron Casting
47:23 Chain Mail Armor
McFly
1:11 Loom
13:26 Feudal Age
14:05 Man-at-Arms
16:37 Arson
17:21 Forging
19:33 Double-Bit Axe
20:43 Scale Mail Armor
22:10 Fletching
27:32 Castle Age
25:25 Gold Mining
29:01 Gold Shaft Mining
28:17 Stone Mining
28:49 Bow Saw
28:34 Town Watch
29:41 Bodkin Arrow
29:46 Long Swordsman
33:36 Elite Skirmisher
34:39 Squires
41:45 Iron Casting
41:25 Chain Mail Armor
46:26 Imperial Age
48:00 Imperial Age
kvarten
1:15 Loom
1:55 Loom
11:06 Feudal Age
12:22 Double-Bit Axe
13:35 Gold Mining
17:44 Castle Age
15:42 Fletching
15:52 Padded Archer Armor
16:48 Padded Archer Armor
18:51 Crossbowman
23:14 Fishing Lines
25:31 Gillnets
26:56 Leather Archer Armor
29:08 Bow Saw
32:06 Wheelbarrow
33:59 Horse Collar
34:11 Stone Mining
34:11 Demolition Ship
37:47 Stone Shaft Mining
41:41 Imperial Age
39:41 Thumb Ring
39:33 Bodkin Arrow
39:50 Heavy Plow
40:47 Caravan
41:55 Silk Road
41:58 Elite Genoese Crossbowman
42:59 Conscription
42:48 Bracer
43:18 Ring Archer Armor
42:53 Scale Mail Armor
43:03 Forging
43:58 Hand Cart
43:48 Arbalester
44:58 Ballistics
45:39 Chemistry
44:25 Arrowslits
44:52 Masonry
44:37 Murder Holes
44:23 Treadmill Crane
44:34 Heated Shot
44:54 Fortified Wall
44:55 Clinker Construction
45:07 Clinker Construction
44:59 Town Watch
47:16 Town Patrol
46:40 Elite Skirmisher
julian_venom
0:27 Loom
10:53 Feudal Age
12:11 Wheelbarrow
11:27 Double-Bit Axe
12:24 Horse Collar
22:09 Castle Age
22:07 Scale Barding Armor
21:57 Stone Mining
21:59 Gold Mining
24:05 Hand Cart
24:12 Bow Saw
24:42 Caravan
24:55 Heavy Plow
28:15 Bloodlines
28:07 Husbandry
32:51 Imperial Age
33:08 Town Watch
33:46 Chain Barding Armor
33:48 Ballistics
34:34 Town Patrol
35:13 Plate Barding Armor
36:20 Siege Engineers
36:50 Heavy Scorpion
37:54 Double Crossbow
37:56 Tusk Swords
38:37 Masonry
38:54 Conscription
40:39 Elite Battle Elephant
46:05 Architecture
KcoasRaulMx
0:43 Loom
14:17 Feudal Age
16:38 Double-Bit Axe
20:52 Castle Age
19:10 Gold Mining
19:03 Horse Collar
19:38 Fletching
20:47 Forging
21:32 Stone Mining
22:42 Gold Shaft Mining
24:27 Wheelbarrow
24:39 Bow Saw
24:51 Fishing Lines
26:28 Padded Archer Armor
26:58 Bodkin Arrow
28:22 Squires
28:39 Town Watch
29:52 Heavy Plow
31:45 Pikeman
33:46 Ballistics
33:57 Detinets
38:33 Imperial Age
36:06 Scale Mail Armor
38:04 Hand Cart
37:39 Light Cavalry
38:29 Bloodlines
38:20 Husbandry
38:29 Scale Barding Armor
38:38 Capped Ram
40:00 Druzhina
40:23 Chain Mail Armor
40:19 Halberdier
41:38 Iron Casting
41:40 Plate Mail Armor
41:38 Conscription
42:14 Devotion
47:22 Chain Barding Armor
48:03 Blast Furnace
46:25 Cavalier
46:26 Hussar
I MISS HER
12:34 Feudal Age
13:01 Double-Bit Axe
14:55 Man-at-Arms
29:08 Castle Age
27:36 Horse Collar
30:15 Pikeman
30:22 Crossbowman
33:15 Caravan
38:01 Wheelbarrow
43:25 Imperial Age
41:08 Bow Saw
Mike Ehrmantraut
4:39 Loom
5:32 Loom
14:11 Feudal Age
15:05 Horse Collar
15:13 Double-Bit Axe
15:21 Arson
14:58 Man-at-Arms
17:48 Wheelbarrow
22:10 Castle Age
23:10 Castle Age
21:01 Fishing Lines
21:40 Bloodlines
21:45 Forging
21:41 Scale Barding Armor
21:34 Fletching
22:35 Gold Mining
24:37 Town Watch
26:33 Bodkin Arrow
27:14 Iron Casting
27:08 Heavy Plow
27:22 Bow Saw
31:32 Gillnets
34:16 Imperial Age
33:53 Husbandry
36:09 Chemistry
35:56 Crop Rotation
35:39 Caravan
36:16 Elite Jarl
37:13 Stone Mining
37:52 Hand Cart
40:32 Blast Furnace
39:53 Chain Barding Armor
40:33 Bracer
42:54 Squires
42:15 Elite Varangian Guard
42:42 Arson
43:04 Scale Mail Armor
42:37 Cavalier
45:09 Two-Man Saw
43:42 Gothikon
44:43 Conscription
45:17 Plate Barding Armor
Dg
2:44 Loom
14:14 Feudal Age
16:54 Man-at-Arms
18:18 Forging
18:23 Arson
19:51 Wheelbarrow
26:16 Castle Age
24:30 Double-Bit Axe
27:13 Fletching
27:23 Scale Mail Armor
28:02 Long Swordsman
29:30 Gambesons
33:04 Crossbowman
35:01 Bodkin Arrow
40:45 Imperial Age
42:12 Two-Handed Swordsman
46:29 Iron Casting
Connection lost

Rejoining the realm…

Still unreachable

The connection could not be restored.

Session expired

The server has moved on; the page needs a fresh start.